 Dungeon Crawl Stone Soup version 0.28-a0-969-g2dcde036d2 (webtiles) character file.

Game seed: 14464559661451023197

109 Ijustatesigmund the Charlatan (level 4, -2/34 HPs)
             Began as a Gnoll Artificer on Dec 1, 2021.
             Succumbed to a kobold's poison
             ... on level 3 of the Dungeon.
             The game lasted 00:06:19 (3673 turns).

Ijustatesigmund the Charlatan (Gnoll Artificer)     Turns: 3673, Time: 00:06:19

Health: -2/34      AC:  8    Str: 11    XL:     4   Next: 90%
Magic:  5/5        EV: 10    Int: 13    God:
Gold:   62         SH:  0    Dex: 18    Spells: 5/5 levels left

rFire   . . .      SeeInvis .   a - +0 war axe
rCold   + . .      Faith    .   (no shield)
rNeg    . . .      Spirit   .   b - +1 scale mail {rC+}
rPois   .          Reflect  .   (no helmet)
rElec   .          Harm     .   (no cloak)
rCorr   .          Rampage  .   (no gloves)
Will    .....                   (no boots)
Stlth   +.........              (no amulet)
HPRegen 0.11/turn               i - +6 ring of dexterity
MPRegen 0.09/turn               (no ring)

@: lethally poisoned (-2 -> -28)
A: fangs 1, strong nose, distributed training
a: no special abilities


You were on level 3 of the Dungeon.
You visited 1 branch of the dungeon, and saw 3 of its levels.

You collected 62 gold pieces.

Inventory:

Hand Weapons
 a - a +0 war axe (weapon)
Missiles
 l - 6 silver javelins (quivered)
Armour
 b - a +1 scale mail of cold resistance (worn)
Jewellery
 i - a +6 ring of dexterity (left hand)
 k - a ring of ice
Wands
 c - a wand of flame (8)
 d - a wand of charming (6)
Scrolls
 f - 5 scrolls of identify
 g - a scroll of fog
Miscellaneous
 e - a piece from Xom's chessboard (15/15)


   Skills:
 + Level 2.8 Fighting
 + Level 1.2 Short Blades
 + Level 1.2 Long Blades
 + Level 1.2 Axes
 + Level 1.2 Maces & Flails
 + Level 1.2 Polearms
 + Level 1.2 Staves
 + Level 1.2 Slings
 + Level 1.2 Bows
 + Level 1.2 Crossbows
 + Level 1.2 Throwing
 + Level 4.7 Armour
 + Level 2.8 Dodging
 + Level 2.6 Stealth
 + Level 1.2 Shields
 + Level 1.2 Unarmed Combat
 + Level 1.2 Spellcasting
 + Level 1.0 Conjurations
 + Level 1.0 Hexes
 + Level 1.0 Summonings
 + Level 1.0 Necromancy
 + Level 1.0 Translocations
 + Level 1.0 Transmutations
 + Level 1.0 Fire Magic
 + Level 1.0 Ice Magic
 + Level 1.0 Air Magic
 + Level 1.0 Earth Magic
 + Level 1.0 Poison Magic
 + Level 1.4 Invocations
 + Level 6.6 Evocations


You had 5 spell levels left.
You didn't know any spells.
Your spell library contained the following spells:

 Spells                   Type           Power      Damage    Failure   Level
 Iskenderun's Battlesphe  Conj           3%         2d6       100%        5
 Iron Shot                Conj/Erth      1%         9d1       100%        6
 Spellforged Servitor     Conj/Summ      1%         N/A       100%        7


Dungeon Overview and Level Annotations

Branches:
Dungeon (3/15)

Altars:
Okawaru


Innate Abilities, Weirdness & Mutations

You have very sharp teeth.
Your uncanny sense of smell can sniff out nearby items.
Your experience applies equally to all skills.


Message History

You closely miss the kobold.
You feel very sick. The kobold hits you but does no damage.
You are more poisoned.
You hit the kobold. You bite the kobold, but do no damage.
The kobold is moderately wounded.
You feel very sick. The kobold hits you but does no damage.
You are lethally poisoned!
You barely miss the kobold.
The kobold is moderately wounded.
You feel extremely sick.
The kobold hits you with a +0 short sword of venom.
You are more poisoned.
The kobold hits you but does no damage.
You are more poisoned.
Aiming: Throw Flame
Press: ? - help, Shift-Dir - straight line, f - kobold
Aim: a kobold, wielding a +0 short sword of venom and quivering stones (moderately wounded, 67% to hit)
The puff of flame misses the kobold.
* * * LOW HITPOINT WARNING * * *
You feel extremely sick. The kobold completely misses you.
You feel much better.
You feel very sick.
The kobold hits you with a +0 short sword of venom.
* * * LOW HITPOINT WARNING * * *
You are more poisoned.
You don't have any such object.
Evoke which item? (* to show all) (? for menu, Esc to quit)
Okay, then.
Unknown command.
Aiming: Throw Flame
Press: ? - help, Shift-Dir - straight line, f/p - kobold
Aim: a kobold, wielding a +0 short sword of venom and quivering stones (moderately wounded, 67% to hit)
The puff of flame hits the kobold!
You kill the kobold!
* * * LOW HITPOINT WARNING * * *
You feel extremely sick.
You die...

###.#### ##...##
#......# *#+## #.#.##.#
*,* #.#..#.# *,*
#......# **.*******
####.########..,**,,,***
#.##...>....,,,,,,,,,
#.##.....#,,,,,,,,,,,
#...@....#*,*,,,,,,,,
####........,,,,,,,,,
#.....###**,,,,**,
####### *,,,,,,,
********


There were no monsters in sight!

Vanquished Creatures
  An iguana (D:3)
  2 adders (D:2)
  A worm (D:3)
  An orc (D:3)
  3 endoplasms (D:1)
  A giant cockroach (D:1)
  6 goblins
  7 hobgoblins
  4 jackals (D:1)
  6 kobolds
  2 quokkas
  7 ball pythons
  8 bats
  3 frilled lizards
  3 rats
55 creatures vanquished.

Vanquished Creatures (collateral kills)
  A jackal (D:1)
  A kobold (D:1)
2 creatures vanquished.

Vanquished Creatures (others)
  2 dart slugs (D:1)
  A giant cockroach (D:1)
  A goblin (D:1)
  A kobold (D:1)
  A rat (D:1)
6 creatures vanquished.

Grand Total: 63 creatures vanquished

Notes
Turn   | Place    | Note
-------+----------+-------------------------------------------
     0 | D:1      | Ijustatesigmund the Gnoll Artificer began the quest for the
                  | Orb.
     0 | D:1      | Reached XP level 1. HP: 17/17 MP: 1/1
   108 | D:1      | Reached XP level 2. HP: 6/23 MP: 2/2
   700 | D:1      | HP: 1/23 [jackal (3)]
  1094 | D:1      | Reached XP level 3. HP: 28/28 MP: 3/3
  1507 | D:1      | Reached skill level 1 in Invocations
  1716 | D:2      | Reached skill level 1 in Short Blades
  1716 | D:2      | Reached skill level 1 in Long Blades
  1716 | D:2      | Reached skill level 1 in Axes
  1716 | D:2      | Reached skill level 1 in Maces & Flails
  1716 | D:2      | Reached skill level 1 in Polearms
  1716 | D:2      | Reached skill level 1 in Staves
  1716 | D:2      | Reached skill level 1 in Slings
  1716 | D:2      | Reached skill level 1 in Bows
  1716 | D:2      | Reached skill level 1 in Crossbows
  1716 | D:2      | Reached skill level 1 in Throwing
  1716 | D:2      | Reached skill level 1 in Shields
  1716 | D:2      | Reached skill level 1 in Unarmed Combat
  1716 | D:2      | Reached skill level 1 in Spellcasting
  1812 | D:2      | Reached XP level 4. HP: 24/34 MP: 5/5
  2660 | D:2      | Found an iron altar of Okawaru.
  3137 | D:3      | Reached skill level 1 in Conjurations
  3137 | D:3      | Reached skill level 1 in Hexes
  3137 | D:3      | Reached skill level 1 in Summonings
  3137 | D:3      | Reached skill level 1 in Necromancy
  3137 | D:3      | Reached skill level 1 in Translocations
  3137 | D:3      | Reached skill level 1 in Transmutations
  3137 | D:3      | Reached skill level 1 in Fire Magic
  3137 | D:3      | Reached skill level 1 in Ice Magic
  3137 | D:3      | Reached skill level 1 in Air Magic
  3137 | D:3      | Reached skill level 1 in Earth Magic
  3137 | D:3      | Reached skill level 1 in Poison Magic
  3673 | D:3      | Succumbed to a kobold's poison

Illustrated notes

Levels and vault maps discovered:
D:1:      elethiomel_arrival_infinity_welcomes_careful_drivers, layout_rooms,
          chequers_avenue, chequers_serial_rivers_micro_e, minmay_octomino_c4
D:2:      layout_basic, basic_altar
D:3:      layout_loops_corners, beargit_hepliaklqana_dungeon_heroes,
          kennysheep_generic_room_11

Skill      XL: |  1  2  3  4 |
---------------+-------------+-----
Invocations    | 1 |  1.4
Short Blades   | 1 |  1.2
Long Blades    | 1 |  1.2
Axes           | 1 |  1.2
Maces & Flails | 1 |  1.2
Polearms       | 1 |  1.2
Staves         | 1 |  1.2
Slings         | 1 |  1.2
Bows           | 1 |  1.2
Crossbows      | 1 |  1.2
Throwing       | 1 |  1.2
Shields        | 1 |  1.2
Unarmed Combat | 1 |  1.2
Spellcasting   | 1 |  1.2
Conjurations   | 1 |  1.0
Hexes          | 1 |  1.0
Summonings     | 1 |  1.0
Necromancy     | 1 |  1.0
Translocations | 1 |  1.0
Transmutations | 1 |  1.0
Fire Magic     | 1 |  1.0
Ice Magic      | 1 |  1.0
Air Magic      | 1 |  1.0
Earth Magic    | 1 |  1.0
Poison Magic   | 1 |  1.0
Fighting       | |  2.8
Armour         | |  4.7
Dodging        | |  2.8
Stealth        | |  2.6
Evocations     | |  6.6

Action                   |  1- 3 |  4- 6 || total
-------------------------+-------+-------++-------
Melee: Club              |   117 |       ||   117
       Bite              |     9 |     6 ||    15
       Short sword       |    52 |    70 ||   122
       War axe           |       |    15 ||    15
       Punch             |       |     1 ||     1
Evoke: Wand              |    13 |     3 ||    16
       Piece from Xom's  |     1 |       ||     1
  Use: Potion            |     1 |     1 ||     2
       Scroll            |       |     5 ||     5
Armor: Scale mail        |   150 |    27 ||   177
Dodge: Dodged            |   139 |    40 ||   179

Table legend: (Time is in decaauts)
 A = Elapsed time spent in this place.
 B = Non-inter-level travel time spent in this place.
 C = Inter-level travel time spent in this place.
 D = Time resting spent in this place.
 E = Time spent auto-exploring this place.
 F = Levels seen in this place.
 G = Mean time per level.
                   A        B        C        D        E       F      G
               +--------+--------+--------+--------+--------+-----+--------+
         Total |   3716 |   3655 |     61 |    898 |   2145 |   3 | 1238.7 |
       Dungeon |   3716 |   3655 |     61 |    898 |   2145 |   3 | 1238.7 |
               +--------+--------+--------+--------+--------+-----+--------+

Top non-repeatable levels by time:
     D:1: 1714 daAuts
     D:2: 1098 daAuts
     D:3: 903 daAuts
